 Dungeon Crawl Stone Soup version 0.30.1-9-gdf580d7c3d (webtiles) character file.

Game seed: 2924240695345856900

1495 Cheops the Firebug (level 8, -1/69 HPs)
             Began as a Naga Fire Elementalist on Oct 8, 2023.
             Was an Initiate of Cheibriados.
             Slain by a black bear (3 damage)
             ... on level 7 of the Dungeon.
             The game lasted 00:13:32 (6645 turns).

Cheops the Firebug (Naga Fire Elementalist)         Turns: 6645, Time: 00:13:33

Health: -1/69      AC:  5    Str: 11    XL:     8   Next: 81%
Magic:  7/12       EV:  9    Int: 25    God:    Cheibriados [......]
Gold:   243        SH:  0    Dex: 14    Spells: 1/13 levels left

rFire   . . .        a - staff of conjuration "Kommiu Ramp" {*Slow Fragile rN+ Int+7}
rCold   . . .        (no shield)
rNeg    + + .        s - +1 leather armour {rN+}
rPois   +            (no helmet)
rElec   .            (no cloak)
rCorr   .            (no gloves)
SInv    +            (no barding)
Will    +....        e - amulet of magic regeneration
Stlth   ++           (no ring)
HPRegen 0.31/turn    (no ring)
MPRegen 0.53/turn

%: slow self (1%)
@: brilliant, very slow
A: AC +2, large, see invisible, deformed body, poison resistance, slowness 2,
spit poison 1, naga tail 1
a: Spit Poison, Renounce Religion


You were on level 7 of the Dungeon.
You worshipped Cheibriados.
Cheibriados was noncommittal.
You visited 2 branches of the dungeon, and saw 8 of its levels.

You collected 243 gold pieces.

Inventory:

Hand Weapons
 u - a +2 short sword of electrocution
 v - a +0 broad axe of flaming
Armour
 i - a +0 robe
 s - a +1 leather armour of positive energy (worn)
Magical Staves
 a - the staff of conjuration "Kommiu Ramp" (weapon) {*Slow Fragile rN+ Int+7}
   (You took it off a gnoll on level 3 of the Dungeon)

   [staff of conjuration]

   Base accuracy: +5 Base damage: 5 Base attack delay: 1.2 This weapon's minimum
   attack delay (0.6) is reached at skill level 12.
   Int:       It affects your intelligence (+7).
   rN:        It protects you from negative energy.
   *Slow:     It may slow you when you take damage.
   Fragile:   It will be destroyed if unequipped.
   It falls into the 'Staves' category.
   It is a one-handed weapon.
 m - a staff of earth
Jewellery
 e - an amulet of magic regeneration (around neck)
 y - a +6 ring of intelligence
Wands
 t - a wand of iceblast (6)
 w - a wand of flame (15)
Scrolls
 g - a scroll of brand weapon
 k - a scroll of enchant armour
 r - a scroll of silence
 x - a scroll of torment {unknown}
Potions
 b - a potion of magic
 c - 6 potions of mutation
 f - a potion of flight
 h - 4 potions of curing
 j - 2 potions of cancellation {unknown}
 l - a potion of heal wounds {unknown}
 n - a potion of degeneration {unknown}
 o - 2 potions of berserk rage
 p - a potion of resistance {unknown}
 q - a potion of invisibility {unknown}


   Skills:
 - Level 3.0 Fighting
 - Level 3.0 Staves
 - Level 1.5 Dodging
 - Level 3.0 Stealth
 - Level 3.0 Spellcasting
 - Level 6.0 Conjurations
 - Level 3.0 Translocations
 + Level 6.1 Fire Magic
 - Level 3.0 Evocations


You had one spell level left.
You knew the following spells:

 Your Spells              Type           Power      Damage    Failure   Level
a - Foxfire               Conj/Fire      100%       2x1d9     1%          1
b - Scorch                Fire           100%       2d9       1%          2
v - Volatile Blastmotes   Fire/Tloc      78%        2d16      6%          3
w - Flame Wave            Conj/Fire      66%        2d15      11%         4
B - Blink                 Tloc           56%        N/A       6%          2

Your spell library contained the following spells:

 Spells                   Type           Power      Damage    Failure   Level
 Momentum Strike          Conj/Tloc      100%       3d10      3%          2
 Lesser Beckoning         Tloc           56%        N/A       6%          2
 Inner Flame              Hex/Fire       28%        N/A       12%         3
 Ozocubu's Armour         Ice            5%         N/A       36%         3
 Ozocubu's Refrigeration  Ice            2%         4d8       100%        7


Dungeon Overview and Level Annotations

Branches:
Dungeon (7/15)             Temple (1/1) D:7

Altars:
Cheibriados
Dithmenos
Elyvilon
Hepliaklqana
Kikubaaqudgha
Makhleb
Nemelex Xobeh
Okawaru
Qazlal
Ru
Sif Muna
Trog
Uskayaw
Vehumet
Wu Jian
Xom
Yredelemnul
Zin
The Shining One

Shops:
D:1 [

Annotations:
D:6 !boulder beetle


Innate Abilities, Weirdness & Mutations

Your serpentine skin is tough. (AC +2)
You have supernaturally acute eyesight. (SInv)
Armour fits poorly on your strangely shaped body.
Your system is resistant to poisons. (rPois)
You cover ground very slowly.
You can spit poison.
You have a snake-like lower body.


Message History

Confirm with . or Enter, or press ? or * to list all spells.
You feel a surge of power!
You conjure some foxfire!
The foxfire hits the black bear.
The black bear is almost dead.
The centaur shoots an arrow.
The arrow hits you.
* * * LOW HITPOINT WARNING * * *
The black bear closely misses you. The black bear claws you.
* * * LOW HITPOINT WARNING * * *
The black bear closely misses you.
The centaur shoots an arrow.
The arrow hits you!
* * * LOW HITPOINT WARNING * * *
The black bear bites you.
* * * LOW HITPOINT WARNING * * *
The black bear closely misses you. x2
Your foxfire dissipates!
You feel sick.
You are no longer poisoned.
The foxfire hits the black bear.
The black bear is almost dead.
The foxfire hits the black bear but does no damage.
The black bear is almost dead.
The black bear bites you but does no damage.
The black bear claws you.
* * * LOW HITPOINT WARNING * * *
The black bear claws you.
* * * LOW HITPOINT WARNING * * *
The black bear closely misses you. The black bear barely misses you.
The black bear claws you.
* * * LOW HITPOINT WARNING * * *
The black bear barely misses you. The black bear claws you.
* * * LOW HITPOINT WARNING * * *
The black bear claws you.
* * * LOW HITPOINT WARNING * * *
The black bear barely misses you.
The black bear claws you but does no damage.
The black bear closely misses you.
It was a potion of brilliance.
You feel clever all of a sudden. The black bear bites you.
You die...

.>.. #.###..##.##
#... #..##...##.##
#....###.##....##.#
#....#...#..>.###.#
........#.....###.#
......†c..##...#..#
......†..####....##
.######h####.....###
#@.#..........#
#.#...##......#
#...####......#
....# #..#####
####.. #..## #.##..#
..#..# .... .§.


You could see a black bear (berserk) and a centaur.

Vanquished Creatures
  Sigmund (D:2)
  2 black bears
  A kobold brigand (D:6)
  A bullfrog (D:7)
  3 scorpions
  3 killer bees (D:7)
  3 howler monkeys
  A hound (D:5)
  A gnoll bouda (D:6)
  2 orc priests (D:5)
  Jessica (D:2)
  2 iguanas
  A sleepcap (D:5)
  Natasha (thrice) (D:3)
  3 orc wizards (D:5)
  8 gnolls
  5 adders
  A white imp (D:7)
  An ufetubus (D:5)
  4 dart slugs
  10 orcs
  4 ball pythons
  3 endoplasms (D:2)
  3 giant cockroaches
  10 goblins
  7 hobgoblins
  2 jackals (D:3)
  18 kobolds
  4 quokkas
  5 bats
  A frilled lizard (D:2)
  2 rats (D:1)
116 creatures vanquished.

Vanquished Creatures (others)
  415 foxfires
415 creatures vanquished.

Grand Total: 531 creatures vanquished

Notes
Turn   | Place    | Note
-------+----------+-------------------------------------------
     0 | D:1      | Cheops the Naga Fire Elementalist began the quest for the
                  | Orb.
     0 | D:1      | Reached XP level 1. HP: 15/15 MP: 3/3
   215 | D:1      | Reached XP level 2. HP: 22/22 MP: 1/5
   389 | D:1      | Found Agiff's Armour Shoppe.
   553 | D:1      | Found a faded altar of an unknown god.
  1098 | D:1      | Reached XP level 3. HP: 28/28 MP: 5/7
  1101 | D:1      | Learned a level 2 spell: Scorch
  1309 | D:2      | Noticed Jessica
  1315 | D:2      | Killed Jessica
  1316 | D:2      | Reached XP level 4. HP: 36/36 MP: 4/8
  1560 | D:2      | Noticed Sigmund
  1570 | D:2      | Killed Sigmund
  1571 | D:2      | Reached XP level 5. HP: 4/42 MP: 9/9
  1571 | D:2      | Reached XP level 6. HP: 4/49 MP: 10/10
  2330 | D:2      | Learned a level 4 spell: Flame Wave
  2334 | D:2      | Learned a level 3 spell: Volatile Blastmotes
  2554 | D:3      | Identified the staff of conjuration "Kommiu Ramp" {*Slow
                  | Fragile rN+ Int+7}
  2620 | D:3      | Reached skill level 5 in Fire Magic
  2820 | D:3      | Noticed Natasha
  2824 | D:3      | Killed Natasha
  2825 | D:3      | Reached skill level 1 in Translocations
  3030 | D:3      | Noticed Natasha
  3033 | D:3      | Killed Natasha
  3145 | D:3      | Found a sacrificial altar of Ru.
  3290 | D:3      | Noticed Natasha
  3299 | D:3      | Killed Natasha
  3947 | D:4      | Noticed a black bear
  3952 | D:4      | Killed a black bear
  3953 | D:4      | Reached XP level 7. HP: 50/55 MP: 8/11
  3959 | D:3      | Reached skill level 1 in Staves
  3959 | D:3      | Reached skill level 1 in Evocations
  4725 | D:5      | Entered Level 5 of the Dungeon
  4776 | D:5      | Reached skill level 1 in Fighting
  4945 | D:5      | Reached XP level 8. HP: 67/67 MP: 10/12
  5791 | D:6      | Reached skill level 5 in Conjurations
  5813 | D:6      | Noticed a boulder beetle
  5946 | D:6      | Learned a level 2 spell: Blink
  6408 | D:7      | Found a staircase to the Ecumenical Temple.
  6439 | Temple   | Entered the Ecumenical Temple
  6593 | Temple   | Became a worshipper of Cheibriados the Contemplative
  6644 | D:7      | HP: 3/69 [black bear (2)]
  6644 | D:7      | HP: 1/69 [black bear (2)]
  6645 | D:7      | Slain by a black bear

Illustrated notes

Levels and vault maps discovered:
D:1:      dpeg_arrival_circle_labyrinth_a, layout_basic, serial_shops, shop,
          shapermc_ecumenical_altar_mp_urbaneastern
D:2:      layout_basic, uniq_jessica, uniq_sigmund
D:3:      layout_loops_ring, hangedman_ru_absence, minmay_misc_feat_nine_boxes,
          corexii_item_surrounded_by_moat, serial_bayou_pond_a,
          grunt_decor_mini_mirrors, uniq_natasha
D:4:      layout_layer_cave, st_stairs_10
D:5:      layout_loops_ring, hangedman_decor_growths
D:6:      layout_loops_cross, minmay_overflow_temple_star_quad
D:7:      layout_rooms, minmay_temple_entry_wispy
Temple:   regret_index_temple_chain_breaker

Skill      XL: |  1  2  3  4  5  6  7  8 |
---------------+-------------------------+-----
Spellcasting   | 3 |  3.0
Conjurations   | 2 4 6 |  6.0
Fire Magic     | 4 5 6 |  6.1
Translocations | 3 |  3.0
Staves         | 3 |  3.0
Evocations     | 3 |  3.0
Fighting       | 2 3 |  3.0
Dodging        | |  1.5
Stealth        | |  3.0

Action                     |  1- 3 |  4- 6 |  7- 9 || total
---------------------------+-------+-------+-------++-------
  Melee: Unarmed           |     4 |       |       ||     4
         Dagger            |     7 |    22 |       ||    29
         Staff             |       |     3 |    18 ||    21
   Cast: Foxfire           |    60 |    73 |   119 ||   252
         Scorch            |       |       |    21 ||    21
Ability: Spit Poison       |     1 |     1 |     2 ||     4
  Evoke: Wand              |       |       |     2 ||     2
    Use: Scroll            |       |     5 |     2 ||     7
         Potion            |       |     1 |     1 ||     2
   Stab: Sleeping          |       |     1 |       ||     1
 Armour: Robe              |     7 |     3 |    10 ||    20
         Leather armour    |       |       |     5 ||     5
  Dodge: Dodged            |     7 |    12 |    46 ||    65
